 Dungeon Crawl Stone Soup version 0.25-a0-339-gb37b713 (webtiles) character file.

Game seed: 4634774986075830979, levelgen mode: deterministic

235 Eglamore the Cudgeler (level 5, -2/47 HPs)
             Began as a Minotaur Fighter on Dec 28, 2019.
             Killed by divine providence
             ... invoked by an orc priest
              (12 damage)
             ... on level 3 of the Dungeon.
             The game lasted 00:03:20 (1603 turns).

Eglamore the Cudgeler (Minotaur Fighter)            Turns: 1603, Time: 00:03:21

Health: -2/47      AC:  8    Str: 26    XL:     5   Next: 76%
Magic:  4/4        EV:  8    Int:  5    God:
Gold:   140        SH: 10    Dex: 10    Spells: 4/4 levels left

rFire    . . .     SeeInvis .   a - +0 flail
rCold    . . .     Gourm    .   c - +0 shield
rNeg     . . .     Faith    .   b - +0 scale mail
rPois    .         Spirit   .   (helmet restricted)
rElec    .         Reflect  .   p - +0 cloak
rCorr    .         Harm     .   (no gloves)
MR       .....                  (no boots)
Stlth    ..........             (no amulet)
HPRegen  0.15/turn              o - ring of wizardry
MPRegen  0.09/turn              (no ring)

@: mighty
A: retaliatory headbutt, horns 2
a: no special abilities


You were on level 3 of the Dungeon.
You were hungry.

You visited 1 branch of the dungeon, and saw 3 of its levels.

You collected 140 gold pieces.

Inventory:

Hand Weapons
 a - a +0 flail (weapon)
Missiles
 r - 2 atropa-tipped darts (quivered)
Armour
 b - a +0 scale mail (worn)
 c - a +0 shield (worn)
 p - a +0 cloak (worn)
Jewellery
 o - a ring of wizardry (left hand)
Scrolls
 e - a scroll of immolation {unknown}
 g - 3 scrolls of teleportation {unknown}
 j - 2 scrolls of random uselessness {unknown}
 k - 2 scrolls of identify {unknown}
 l - a scroll of enchant armour {unknown}
 q - a scroll of magic mapping {unknown}
 s - a scroll of noise {unknown}
 t - a scroll of remove curse {unknown}
Potions
 h - a potion of resistance {unknown}
 i - a potion of agility {unknown}
 m - 2 potions of lignification {unknown}
 n - a potion of haste {unknown}
Comestibles
 f - a ration


   Skills:
 + Level 4.4 Fighting
 + Level 5.2 Maces & Flails
 + Level 4.9 Armour
 + Level 0.6 Dodging
 + Level 4.5 Shields


You had 4 spell levels left.
You didn't know any spells.
Your spell library was empty.

Dungeon Overview and Level Annotations

Branches:
Dungeon (3/15)

Altars:
Gozag
Nemelex Xobeh
Xom


Innate Abilities, Weirdness & Mutations

You reflexively headbutt those who attack you in melee.
You have a pair of horns on your head.


Message History

You barely miss the hobgoblin.
You are feeling hungry.
The hobgoblin barely misses you.
You bludgeon the hobgoblin!!
You kill the hobgoblin!
The orc throws a stone.
The stone hits you but does no damage. Something completely misses you.
You closely miss something. Something hits you.
* * * LOW HITPOINT WARNING * * *
Something hits you but does no damage.
You barely miss something. Something hits you but does no damage.
You closely miss something. Something hits you but does no damage.
You hear some strange, mumbled words.
A puff of frost appears from out of thin air!
The puff of frost hits you.
* * * LOW HITPOINT WARNING * * *
You miss something. Something hits you but does no damage.
The orc priest invokes the aid of Beogh against you.
Beogh smites you!
You die...

### #. ..# #. #.# #.
#.# #.# #.###@# ..# .
#..##{# ..# ...
#..)#b## ..#
.....#...goo###..#
.......<.#..(..o.#
..............g#.#.#..
###.##.......†).....((
# #..###.##.#.#..##
#..# #.##{# # #


You could see an orc priest, an orc, a hobgoblin and a bat.

Vanquished Creatures
  An orc priest (D:3)
  Crazy Yiuf (D:2)
  Jessica (D:2)
  4 gnolls (D:2)
  3 adders (D:2)
  An ooze (D:2)
  2 worms (D:2)
  A dart slug (D:1)
  3 leopard geckos
  2 orcs (D:3)
  3 bats
  6 giant cockroaches
  7 goblins
  10 hobgoblins
  10 jackals
  5 kobolds
  A quokka (D:2)
  A frilled lizard (D:2)
  5 rats
67 creatures vanquished.

Vanquished Creatures (others)
  A plant (D:2)
1 creature vanquished.

Grand Total: 68 creatures vanquished

Notes
Turn   | Place    | Note
-------+----------+-------------------------------------------
     0 | D:1      | Eglamore the Minotaur Fighter began the quest for the Orb.
     0 | D:1      | Reached XP level 1. HP: 19/19 MP: 0/0
   142 | D:1      | Reached XP level 2. HP: 25/27 MP: 1/1
   605 | D:2      | Noticed Jessica
   610 | D:2      | Reached skill level 3 in Maces & Flails
   610 | D:2      | Reached XP level 3. HP: 33/33 MP: 2/2
   617 | D:2      | Killed Jessica
   668 | D:2      | Reached XP level 4. HP: 23/40 MP: 3/3
   746 | D:2      | Found a shimmering altar of Xom.
   810 | D:2      | Reached skill level 4 in Maces & Flails
   842 | D:2      | Found a faded altar of an unknown god.
  1035 | D:2      | Reached XP level 5. HP: 25/47 MP: 4/4
  1295 | D:2      | Found a sparkling altar of Nemelex Xobeh.
  1295 | D:2      | Found an opulent altar of Gozag.
  1419 | D:2      | Found a runed translucent door.
  1420 | D:2      | Noticed Crazy Yiuf
  1518 | D:2      | Killed Crazy Yiuf
  1518 | D:2      | Reached skill level 5 in Maces & Flails
  1603 | D:3      | Killed from afar by an orc priest

Levels and vault maps discovered:
D:1:      wheals_arrival_shading, layout_loops_ring
D:2:      layout_loops_ring, grunt_temple_overflow_opulence, marbit_many_paths,
          chequers_ecumenical_altar_lobes, uniq_crazy_yiuf_cottage, uniq_jessica
D:3:      cheibrodos_pilgrimage, layout_loops_ring, first_ration,
          chequers_serial_rivers_room_b, guppyfry_early_orc_mine, uniq_grinder

Skill      XL: |  1  2  3  4  5 |
---------------+----------------+-----
Armour         | 4 |  4.9
Shields        | 4 |  4.5
Fighting       | 4 |  4.4
Maces & Flails | 3 4 5 |  5.2
Dodging        | |  0.6

Action                   |  1- 3 |  4- 6 || total
-------------------------+-------+-------++-------
Melee: Flail             |    60 |   105 ||   165
       Headbutt          |    12 |    23 ||    35
  Use: Potion            |       |     1 ||     1
  Eat: Chunk             |       |     2 ||     2
Armor: Scale mail        |    17 |    35 ||    52
Dodge: Dodged            |    15 |    39 ||    54
Block: Shield            |    23 |    53 ||    76

Table legend:
 A = Non-vault XP
 B = Vault XP
 C = Vault XP percentage of total XP
 D = Non-vault monster count
 E = Vault monster count
 F = Vault count percentage of total count
                 A         B        C        D         E       F
            +---------+---------+-------+---------+---------+-------
      Total |     249 |      88 |  26.1 |      60 |       7 |  10.4
            +---------+---------+-------+---------+---------+-------
        D:1 |      34 |       0 |   0.0 |      17 |       0 |   0.0
        D:2 |     159 |      79 |  33.2 |      35 |       3 |   7.9
        D:3 |      56 |       9 |  13.8 |       8 |       4 |  33.3
            +---------+---------+-------+---------+---------+-------
